[Event "*** Titled Tuesday 3|2 Blitz"]
[Site "Chess.com"]
[Date "2015.12.01"]
[Round "3"]
[White "Boryboy"]
[Black "RitvarsReimanis"]
[Result "1-0"]
[WhiteElo "2525"]
[BlackElo "2294"]
[TimeControl "180+2"]
[EndTime "11:35:36 PST"]
[Termination "Boryboy won by checkmate"]

1. e4 e6 2. d4 d5 3. Nd2 c6 4. Ngf3 f5 5. e5 c5 6. c3 Nc6 7. Bd3 Qb6 8. O-O cxd4 9. cxd4 Nh6 10. Nb3 Nf7 11. Bd2 Bd7 12. Rc1 Be7 13. Nc5 Bc8 14.
b4 O-O 15. b5 Nb8 16. a4 a5 17. Qb3 Nd7 18. Bxf5 Bxc5 19. Bxh7+ Kxh7 20. dxc5 Nxc5 21. Qa3 Nd7 22. Be3 Qd8 23. Bd4 Nh6 24. Qd3+ Kg8 25.
Be3 Nf5 26. Bd2 Qe8 27. Rfe1 b6 28. Rc7 Nc5 29. Qa3 Qd8 30. Rc6 Bb7 31. Bg5 Qd7 32.
Rxb6 Rac8 33. Bd2 d4 34. Ng5 d3 35. f3 Qd4+ 36. Kh1 Ne4 37. fxe4 Qxb6 38. exf5 Qf2 39. Rg1 Qxd2 40. Qe7 Bd5 41. f6 Qxg5 42. f7+ Rxf7 43.
Qxg5 Rf2 44. h4 Rcc2 45. b6 d2 46. Qh5 Rxg2 47. Qe8+ Kh7 48. Qh5+ Kg8 49. Rxg2 Bxg2+ 50. Kh2 Bc6 51. Qd1 Bf3 52. Qxc2 d1=Q 53. Qxd1 Bxd1 54. b7 Bxa4 55. b8=Q+ Kh7 56. Qa7 Bc2 57. Qxa5 Bf5 58. Qd2 Kg6 59. Kg3 Kf7 60. Qg5 Kg8 61. Kf4 Kf7 62. h5 g6 63. h6 Kg8 64. Qf6 Kh7 65.
Qg7# 1-0

[Event "*** Titled Tuesday 3|2 Blitz"]
[Site "Chess.com"]
[Date "2015.12.01"]
[Round "3"]
[White "GrigorGrigorov"]
[Black "E-Shaposhnikov"]
[Result "1-0"]
[WhiteElo "2550"]
[BlackElo "2477"]
[TimeControl "180+2"]
[EndTime "11:35:58 PST"]
[Termination "GrigorGrigorov won by resignation"]

1. d4 Nf6 2. c4 e6 3. Nf3 b6 4. g3 Ba6 5. Qa4 Bb7 6. Bg2 Be7 7. O-O O-O 8. Nc3 c5 9. dxc5 bxc5 10. Bf4 d6 11. Rfd1 Qb6 12. Rab1 Nbd7 13. b4 cxb4 14. Rxb4 Bc6 15. Qa3 Qc5 16. Na4 Bxa4 17. Rxa4 Qxa3 18. Rxa3 d5 19. Rad3 Nc5 20. Rd4 Nce4 21. cxd5 exd5 22. R4d3 Rac8 23. Nd4 Nc3 24. R1d2 Nfe4 25. Rc2 Bc5 26. Bh3 Rce8 27. e3 Bb4 28. f3 g5 29.
Bc7 Re7 30. Nc6 Rxc7 31. Nxb4 Rb8 32. fxe4 Rxb4 33. Rdxc3 Rb1+ 34. Bf1 Rxc3 35. Rxc3 dxe4 36. Rc5 h6 37. Ra5 Rb7 38. Bc4 Kg7 39. Bb3 Rc7 40. g4 Rc1+ 41. Kg2 Rc7 42. Kg3 Rd7 43. Ra4 Re7 44. Ra5 Rd7 45. Re5 Rd2 46. Rxe4 Kf8 47. h4 f6 48. h5 a5 49. Ra4 Re2 50. Kf3 Rh2 51. Rxa5 Ke7 52. Ra6 Rh1 53. Re6+ Kf7 54. Rb6+ Ke7 55. Ke4 Rf1 56. a4 Rb1 57. a5 Kd7 58.
Kf5 Ra1 59. a6 Kc7 60. Rb7+ Kc6 61. Rf7 Kc5 62. Rxf6 Ra3 63. Bf7 Rxe3 64. Kg6 Ra3 65. Kxh6 Kd4 66. Kxg5 Ke5 67. Bg6 Ra5 68. Bf5 Kd4 69. h6 1-0

[Event "*** Titled Tuesday 3|2 Blitz"]
[Site "Chess.com"]
[Date "2015.12.01"]
[Round "3"]
[White "JustaTrickstar"]
[Black "Gergo85"]
[Result "0-1"]
[WhiteElo "2502"]
[BlackElo "2343"]
[TimeControl "180+2"]
[EndTime "11:36:03 PST"]
[Termination "Gergo85 won by resignation"]

1. c4 Nf6 2. Nc3 c5 3. g3 d5 4. cxd5 Nxd5 5. Bg2 Nc7 6. Nf3 Nc6 7. O-O e5 8. b3 Be7 9. Bb2 O-O 10. d3 f6 11. Rc1 Rb8 12. Nd2 Nd4 13. f4 exf4 14. gxf4 b6 15. e3 Nf5 16. Qe2 Re8 17. Nde4 Bf8 18. Rcd1 Kh8 19. Rfe1 Bb7 20. Qh5 g6 21. Qe2 Bg7 22. Qf2 Nd5 23. Nxd5 Bxd5 24. Ng3 Bxg2 25.
Nxf5 Bc6 26. Nxg7 Kxg7 27. e4 Rb7 28. d4 Rxe4 29. dxc5 Rxe1+ 30. Qxe1 Rd7 31. Rxd7+ Qxd7 32. cxb6 axb6 33. Qc3 Qe6 34. Kf2 h5 35. h4 Bb5 36. Qe3 Qd6 37. Qd4 Qc6 38. Qc3 Qe6 39. Qe3 Qd7 40. Qd4 Qc6 41. Qc3 Qe6 42. Qe3 Qd6 43. a4 Bd7 44. Bd4 Be6 45. Bxb6 Qc6 46. Qc5 Qe4 47. Qc7+ Kh6 48. Bc5 Qc2+ 49. Ke1 Qc1+ 50.
Kf2 Qd2+ 51. Kg3 Qd3+ 52. Kf2 Qd2+ 53. Kg3 Qe1+ 54. Bf2 Qf1 55. Kf3 Bg4+ 56. Ke3 Qe2+ 57. Kd4 Qxf2+ 58. Kd5 Qd2+ 59. Kc6 Bf3+ 60. Kb6 Qe3+ 61.
Ka5 Qxb3 62. Qd8 Qc3+ 63. Ka6 Be2+ 64. Kb7 Qb3+ 65. Kc7 Qc4+ 66. Kb7 Qb4+ 67. Kc7 Qa5+ 68. Kc8 Ba6+ 69. Kd7 Qxd8+ 70. Kxd8 g5 71. fxg5+ fxg5 0-1

[Event "*** Titled Tuesday 3|2 Blitz"]
[Site "Chess.com"]
[Date "2015.12.01"]
[Round "3"]
[White "Matibar"]
[Black "kpio91"]
[Result "0-1"]
[WhiteElo "2451"]
[BlackElo "2542"]
[TimeControl "180+2"]
[EndTime "11:36:07 PST"]
[Termination "kpio91 won by resignation"]

1. g3 d5 2. Bg2 e5 3. d3 Nc6 4. Nf3 Nf6 5. O-O Be7 6. c3 O-O 7. Nbd2 Re8 8. e4 dxe4 9. dxe4 a5 10. Qc2 Bd7 11. Rd1 Qc8 12. Nc4 Bf8 13. Bg5 Nh5 14. a4 h6 15. Bd2 Nf6 16. Ne1 Be6 17. Bf1 Nd7 18. Ne3 Nb6 19. Bb5 f6 20. Nf3 Rd8 21.
Nh4 Qd7 22. Be1 Qf7 23. Rxd8 Rxd8 24. Qe2 Nb8 25. Bd3 N8d7 26. Bc2 Bb3 27. Qb5 Bxc2 28. Nxc2 c6 29. Qe2 Qb3 30. Ne3 Qf7 31. Qc2 Nc5 32. b4 axb4 33. cxb4 Nb3 34. Rd1 Nd4 35. Qb1 Nxa4 36. Kg2 b5 37. Bd2 Qb3 38. Qc1 Qd3 39.
Re1 Qxe4+ 40. f3 Qd3 41. Nf1 Qc4 42. Qb1 Nb3 43. Be3 Nc3 44. Qg6 Qf7 45. Qc2 Nd5 46. Bd2 Nd4 47. Qb1 Ra8 48. Be3 Ra2+ 49. Kg1 Nxe3 50.
Nxe3 Qb3 51. Qg6 Qb2 52. Neg2 Qf2+ 53. Kh1 Nxf3 54. Rd1 Nxh4 55. gxh4 Qf3 56. Rg1 Rf2 57. h5 Rf1 58. h4 Qf2 59. Rxf1 Qxf1+ 60. Kh2 Qf2 61.
Kh3 Qf3+ 62. Kh2 Bxb4 63. Qe8+ Bf8 64. Qe6+ Kh8 65. Qe8 Qa3 66. Qxc6 Qc5 67. Qe8 b4 68. Ne3 Qxe3 69. Qxf8+ Kh7 70. Qxb4 Qf2+ 71. Kh3 Qf3+ 72. Kh2 Qxh5 0-1

[Event "*** Titled Tuesday 3|2 Blitz"]
[Site "Chess.com"]
[Date "2015.12.01"]
[Round "3"]
[White "petrpalachev"]
[Black "swayamsm"]
[Result "0-1"]
[WhiteElo "2313"]
[BlackElo "2393"]
[TimeControl "180+2"]
[EndTime "11:36:10 PST"]
[Termination "swayamsm won by checkmate"]

1. d4 e6 2. Nf3 Nf6 3. c4 b6 4. g3 Bb7 5. Bg2 Bb4+ 6. Bd2 Bxd2+ 7. Qxd2 O-O 8. Nc3 d5 9. Ne5 c6 10. O-O Nbd7 11. cxd5 cxd5 12. f4 Rc8 13. Rac1 a6 14. e3 b5 15. Nxd7 Qxd7 16. b3 Rc7 17. Qb2 Rfc8 18.
Ne2 a5 19. Rxc7 Rxc7 20. Rc1 b4 21. h3 Ba6 22. Rxc7 Qxc7 23. Qc1 Ne8 24. Qxc7 Nxc7 25.
Bf1 Kf8 26. Kf2 Ke7 27. Nc1 Bxf1 28. Kxf1 Nb5 29. g4 Nc3 30. Kf2 f6 31. Kf3 Kd6 32. Kf2 e5 33. f5 Ke7 34. Kf3 Kd7 35. Kf2 e4 36. Ke1 Ke7 37. Kd2 g6 38. fxg6 hxg6 39.
a4 f5 40. gxf5 gxf5 41. Ne2 Nxe2 42. Kxe2 Kf6 43. Kf2 Kg5 44. Kg3 f4+ 45. exf4+ Kf5 46. h4 e3 47. h5 Ke4 48. h6 Kd3 49. h7 e2 50. h8=Q e1=Q+ 51. Kg4 Qg1+ 52. Kf3 Qd1+ 53. Kg3 Qxb3 54. f5 Ke4+ 55. Kh2 Qc2+ 56. Kg3 Qd3+ 57.
Kh4 Qf3 58. Qe5+ Kd3 59. f6 b3 60. Kg5 b2 61. Qe1 Kc2 62. Qe8 b1=Q 63. Qc6+ Kd2 64.
Kh6 Qg4 65. f7 Qh1# 0-1

[Event "*** Titled Tuesday 3|2 Blitz"]
[Site "Chess.com"]
[Date "2015.12.01"]
[Round "3"]
[White "MITerryble"]
[Black "pKiLz5Rn9b"]
[Result "1-0"]
[WhiteElo "2615"]
[BlackElo "2463"]
[TimeControl "180+2"]
[EndTime "11:36:14 PST"]
[Termination "MITerryble won by resignation"]

1. d4 e6 2. Nf3 Nf6 3. c4 b6 4.
g3 Bb7 5. Bg2 Be7 6. O-O O-O 7.
Nc3 d5 8. Ne5 Na6 9. Bf4 c5 10.
dxc5 Nxc5 11. cxd5 exd5 12. Rc1 Re8 13. Nb5 Nfe4 14.
Nf3 Ne6 15. Nc7 Nxc7 16. Rxc7 Ba6 17. Nd4 Bd6 18. Bxd6 Qxd6 19. Rc2 Rad8 20. Re1 Qf6 21. e3 Nc5 22. Qf3 Qg6 23. Bh3 Bd3 24. Bf5 Bxf5 25. Qxf5 Qxf5 26. Nxf5 g6 27. Nd4 Ne6 28. Nc6 Rd7 29.
Rd1 Kg7 30. Rcd2 Rd6 31. Nxa7 Nc7 32. Rc2 Ne6 33. Nb5 Rd7 34. Rcd2 Red8 35. Kg2 h5 36. h3 Nc5 37. Nc3 Ra7 38. Rxd5 Re8 39. a3 Rc7 40. Rd6 Rb8 41. Nd5 Rcb7 42. Rd4 b5 43. Nb4 Ne6 44. Rd2 Rc8 45. Rc6 Re8 46. Rdd6 h4 47. gxh4 Reb8 48. Na6 Rh8 49. Rb6 Re7 50.
Rxb5 Rxh4 51. Rb4 Rh5 52. Re4 Ra7 53. Nb4 Ng5 54. Re5 f6 55. Rc5 Rh8 56. Nd5 Ne4 57. Rcc6 Nxd6 58. Rxd6 f5 59. Nf4 Kf7 60. Rxg6 Rb8 61.
Rg5 Kf6 62. h4 Rxb2 63. Nh5+ Ke5 64. Ng3 Rf7 65. e4 Ra2 66. exf5 Rc7 67. Rg6 Rcc2 68.
Re6+ Kd5 69. Ne4 Rc4 70. Nf6+ Kc5 71. h5 Rf4 72. Kg3 Rxf5 73. Ne4+ Kd5 74. Re8 Re5 75.
Nc3+ Kd6 76. Rxe5 1-0

[Event "*** Titled Tuesday 3|2 Blitz"]
[Site "Chess.com"]
[Date "2015.12.01"]
[Round "3"]
[White "tigra"]
[Black "Anton_Demchenko"]
[Result "0-1"]
[WhiteElo "1908"]
[BlackElo "2661"]
[TimeControl "180+2"]
[EndTime "11:36:31 PST"]
[Termination "Anton_Demchenko won by checkmate"]

1. e4 e5 2. Nc3 Nf6 3. Nf3 Nc6 4. Bb5 Bb4 5. O-O O-O 6. d3 d6 7. Ne2 Ne7 8. c3 Ba5 9. Ng3 c6 10. Ba4 Ng6 11. d4 Re8 12. Bc2 Bb6 13. Re1 Bg4 14. Be3 Nh4 15. Bg5 Nxf3+ 16. gxf3 Bh3 17. Nh5 Nxh5 18.
Bxd8 Raxd8 19. Kh1 Nf4 20. Rg1 c5 21. Ba4 Rf8 22.
d5 c4 23. Bb5 Rc8 24. Rg3 Rc7 25. Qd2 a6 26. Ba4 g6 27. Rag1 Bc8 28. Bd1 Ba7 29. Rf1 b5 30. Be2 Kg7 31. b3 Bd7 32. bxc4 bxc4 33. Rb1 Bxf2 34. Bxc4 Bc5 35. Bxa6 Ra8 36.
Bf1 Rca7 37. Rb2 h5 38. Rg2 h4 39. Qe1 h3 40. Rgd2 Ra3 41. Rdc2 Bc8 42. Qb1 g5 43. Rb5 Ba7 44. Rb3 Ra5 45. c4 Bc5 46. Rb5 g4 47. Rxc5 Rxc5 48. fxg4 Bxg4 49. Qb3 Bh5 50. Kg1 Rca5 51.
Qg3+ Bg6 52. Qf2 Rc5 53. Qe3 Rb8 54. Kf2 Rb1 55. Bxh3 Rh1 56. Kg3 Rd1 57. Kh4 Rd4 58.
Bg2 f5 59. Bh1 fxe4 60. Kg5 Rdxc4 61. Rxc4 Rxc4 62. Qa7+ Bf7 63. h4 e3 64. Kf5 Nh5 65. Qxe3 Bg6+ 66. Kg5 Nf6 67. Qa7+ Bf7 68. Bf3 Rf4 69. Be4 Nxe4# 0-1

[Event "*** Titled Tuesday 3|2 Blitz"]
[Site "Chess.com"]
[Date "2015.12.01"]
[Round "3"]
[White "ZEN-22"]
[Black "Moltini"]
[Result "1-0"]
[WhiteElo "2259"]
[BlackElo "2160"]
[TimeControl "180+2"]
[EndTime "11:36:38 PST"]
[Termination "ZEN-22 won by resignation"]

1. e4 c5 2. b4 cxb4 3. a3 bxa3 4. Nc3 e6 5. Nf3 Nc6 6. Bxa3 Bxa3 7. Rxa3 a6 8. d4 Qe7 9. Qa1 Nf6 10. Bd3 d6 11.
O-O O-O 12. Re1 Bd7 13. e5 dxe5 14. dxe5 Nd5 15. Nxd5 exd5 16. Ra4 Nb4 17. Ra3 Rac8 18. Rc3 Be6 19. Rxc8 Rxc8 20. Nd4 Qc5 21. Rb1 Nxd3 22. cxd3 Rc7 23. h3 h6 24. Kh2 Bd7 25. f4 a5 26. f5 a4 27. e6 fxe6 28. fxe6 Bxe6 29. Nxe6 Qd6+ 30. Kh1 Qxe6 31. Qxa4 Qf5 32. Qe8+ Kh7 33.
Qe3 Rd7 34. Rb5 d4 35. Qxh6+ Kxh6 36. Rxf5 Kg6 37. Rb5 Kf6 38. h4 Ke6 39. g4 Kd6 40. Kg2 Kc6 41. Rb4 Kc5 42. Rc4+ Kd5 43. Rb4 Re7 44.
Kf3 g6 45. Kf4 Kc5 46. Rb3 b5 47. Kg5 Re6 48. Rb1 b4 49. Rb2 Kb5 50. h5 gxh5 51.
gxh5 Re3 52. Rd2 b3 53. h6 Rg3+ 54. Kf6 Kb4 55. Rh2 Rxd3 56. h7 Rf3+ 57. Ke7 Re3+ 58. Kd7 Kc3 59. h8=Q Kc4 60. Qg8+ Kc5 61. Qc8+ Kb4 62.
Qb7+ Kc3 63. Qc6+ Kd3 64. Qb5+ Ke4 65. Rh4+ Kf3 66. Qf1+ Kg3 67. Rh3+ Kg4 68. Rxe3 dxe3 69. Qd3 Kf3 70. Qxb3 Kf2 71. Qb6 Kf3 72. Qc6+ Kf2 73. Qc5 Kf3 74. Qd5+ Kf2 75. Qd4 Kf3 76. Qd3 Kf2 77.
Qf5+ Ke1 78. Ke6 e2 79. Qd3 Kf2 80. Qd4+ Kf1 81. Qf4+ Kg2 82. Qe3 Kf1 83. Qf3+ Ke1 84. Ke5 Kd2 85. Qf4+ Kd3 86. Qc1 1-0

[Event "*** Titled Tuesday 3|2 Blitz"]
[Site "Chess.com"]
[Date "2015.12.01"]
[Round "3"]
[White "stepanosinovsky"]
[Black "BjarkeSahl"]
[Result "1/2-1/2"]
[WhiteElo "2194"]
[BlackElo "2144"]
[TimeControl "180+2"]
[EndTime "11:36:44 PST"]
[Termination "Game drawn by agreement"]

1. Nf3 f5 2. g3 Nf6 3. Bg2 g6 4.
O-O Bg7 5. d3 O-O 6. Nbd2 d6 7. e4 e5 8. c3 c5 9. a3 a5 10. d4 cxd4 11. cxd4 Nc6 12. dxe5 dxe5 13. Qb3+ Kh8 14. Ng5 Qe7 15. Ndf3 h6 16. Nh4 Qe8 17. exf5 gxf5 18. Bxc6 bxc6 19. Ngf3 e4 20. Nd4 Ng4 21.
Be3 Ne5 22. Rac1 Qh5 23. f4 exf3 24. Ndxf3 Nxf3+ 25. Nxf3 f4 26. Bxf4 Bg4 27. Rce1 Rf7 28. Ne5 Rxf4 29. Rxf4 Bxe5 30. Rxg4 Qxg4 31. Rxe5 Rd8 32. Qc3 Kg8 33. Qb3+ Kh8 34. Qc3 Kg8 35. Re1 c5 36. Qe3 Qd4 37. Qxd4 cxd4 38. Kf2 Kg7 39. Ke2 Rb8 40. Rb1 Rb3 41. Kd2 Kf6 42. Kc2 a4 43.
Rd1 Ke5 44. Re1+ Kd5 45. Re8 Rf3 46. Rh8 Rf2+ 47. Kd3 Rxh2 48. Rd8+ Kc5 49. Rc8+ Kd5 50. Rd8+ Kc5 51. Rxd4 Rxb2 52. Rxa4 Rb3+ 53. Ke4 Rxg3 54. Ra8 Kb6 55. Kd5 Rg1 56. Kc4 Ra1 57. Kb4 h5 58. Rh8 Rh1 59. Rh6+ Kb7 60. a4 h4 61. Kb5 Rb1+ 62.
Ka5 Rh1 63. Rh7+ Ka8 64. Kb6 Rb1+ 65. Ka6 Rb4 66. Rh8+ Rb8 67. Rxh4 Rf8 68. Rh6 Rg8 69. Kb6 Rf8 70. a5 Rb8+ 71. Ka6 Rg8 72. Rh7 Rf8 73. Rb7 Rf6+ 74. Rb6 Rf5 75. Rc6 Rf8 76. Rb6 Rf5 77.
Rd6 Rf8 78. Re6 Rg8 79. Kb6 Rb8+ 80. Kc6 Ka7 81. Re5 Ka6 82. Rh5 Rc8+ 83. Kd7 Rc1 1/2-1/2

[Event "*** Titled Tuesday 3|2 Blitz"]
[Site "Chess.com"]
[Date "2015.12.01"]
[Round "3"]
[White "RitchieBlackmore"]
[Black "rikyshi"]
[Result "0-1"]
[WhiteElo "2333"]
[BlackElo "2129"]
[TimeControl "180+2"]
[EndTime "11:36:47 PST"]
[Termination "rikyshi won by resignation"]

1. d4 Nf6 2. Nc3 d5 3. Bg5 Ne4 4. Nxe4 dxe4 5. e3 c6 6. c3 Nd7 7. Qc2 Qb6 8. O-O-O f5 9. Bc4 h6 10. Bh4 g6 11. Ne2 Bg7 12. Nf4 Nf8 13. d5 Bd7 14.
dxc6 bxc6 15. Rd2 g5 16. Nh5 Be5 17. Bg3 Bxg3 18. Nxg3 O-O-O 19. Rhd1 h5 20. Rxd7 Nxd7 21. Nxf5 Nc5 22. Nxe7+ Kb7 23. b4 Nd3+ 24. Bxd3 exd3 25. Rxd3 Qc7 26. Nf5 Qxh2 27. Nd4 Qxg2 28. Qb3 Qd5 29. c4 Qd7 30. Qc3 h4 31. Nb3 Qc7 32. Nc5+ Ka8 33. Ne6 Qe7 34. Nxd8 Rxd8 35. Rxd8+ Qxd8 36.
Qg7 Qd3 37. Qxg5 Qxc4+ 38. Kd1 Qxb4 39. f4 Qa4+ 40. Ke2 Qxa2+ 41. Kf3 h3 42. Qd8+ Kb7 43. Qd7+ Kb6 44. Qxh3 Qd5+ 45. Kg4 Qd7+ 46. f5 a5 47. e4 Qd4 48. Kf4 a4 49. Qa3 Kb5 50. Qe7 c5 51. Qb7+ Kc4 52. Qf7+ Kb4 53. f6 Qf2+ 54.
Ke5 Qd4+ 55. Kf5 Qf2+ 56. Ke6 Qa2+ 57. Ke7 Qxf7+ 58. Kxf7 a3 59. Ke6 a2 60. f7 a1=Q 61.
f8=Q Qa2+ 62. Kd6 Qd2+ 63. Kc6 Qd4 64. Qb8+ Kc3 65. e5 Qe4+ 66. Kd7 c4 67. e6 Qd5+ 68. Qd6 Qb7+ 69. Kd8 Qa8+ 70. Ke7 Kc2 71. Qh2+ Kb3 72. Qg3+ c3 73. Kf7 Qd5 74. Qb8+ Kc2 75. Kf6 Qf3+ 76. Ke5 Qg3+ 77. Kd5 Qxb8 78. e7 Qe8 0-1

[Event "*** Titled Tuesday 3|2 Blitz"]
[Site "Chess.com"]
[Date "2015.12.01"]
[Round "3"]
[White "jefferyx"]
[Black "AvitalBor"]
[Result "1-0"]
[WhiteElo "2567"]
[BlackElo "2350"]
[TimeControl "180+2"]
[EndTime "11:37:38 PST"]
[Termination "jefferyx won by checkmate"]

1. b4 e6 2. Bb2 Nf6 3. a3 d5 4. e3 a5 5. b5 c5 6. g4 Nbd7 7. g5 Ne4 8. h4 a4 9. Nf3 Nb6 10.
Ne5 Nd6 11. Rg1 Bd7 12. Nc3 Ra5 13. Qf3 Be7 14. Rb1 Qc7 15. Ba1 Nf5 16. Nd1 c4 17. Bc3 Rxb5 18. Ra1 Bd6 19. Nxd7 Nxd7 20. Bh3 Ne5 21. Qe2 Nxh4 22. Rg3 Nhg6 23. f4 Nc6 24.
Bxg7 Rg8 25. Bf6 Be7 26. Nc3 Ra5 27. Qh5 Bxf6 28. gxf6 Rh8 29. Bxe6 fxe6 30. Rxg6 Qf7 31. Rh6 Qxh5 32. Rxh5 Kf7 33. Rb1 Ra7 34. Nb5 Raa8 35. Nd6+ Kxf6 36. Rxb7 h6 37. Nf7 Rh7 38. Rxh6+ Rxh6 39. Nxh6 Rh8 40. Ng4+ Kf5 41. Nf2 Rc8 42. Rf7+ Kg6 43.
Rb7 c3 44. d3 Kf5 45. Ke2 d4 46.
Ne4 Rh8 47. Rb5+ Kg6 48. Rc5 Rh2+ 49. Nf2 dxe3 50. Kxe3 Nd4 51. Rxc3 Nf5+ 52. Kf3 Ne7 53. Ng4 Rh3+ 54. Ke4 Nd5 55. Rc6 Kf7 56. Ne5+ Ke7 57. Nc4 Rh4 58. Ke5 Nxf4 59. Rc7+ Kf8 60. Nd6 Nd5 61.
Rf7+ Kg8 62. Kxe6 Ne3 63. c4 Rh6+ 64. Rf6 Rh3 65. c5 Nc2 66. Rg6+ Kh7 67. Rg4 Rxd3 68. Ke5 Nxa3 69. c6 Rc3 70. Kd5 Nc2 71. Nc4 a3 72. c7 Ne3+ 73. Nxe3 Rxc7 74. Ra4 Rc3 75. Kd4 Rb3 76.
Nc4 Kg6 77. Nxa3 Rh3 78. Nc4 Kf6 79. Ra6+ Ke7 80. Kd5 Rh5+ 81. Ne5 Rf5 82. Re6+ Kf8 83. Rg6 Rf1 84. Ke6 Ke8 85. Rg8+ Rf8 86. Rg7 Rh8 87. Nf7 Rf8 88. Nd6+ Kd8 89. Rd7# 1-0

[Event "*** Titled Tuesday 3|2 Blitz"]
[Site "Chess.com"]
[Date "2015.12.01"]
[Round "3"]
[White "FrankieJay"]
[Black "chessdude"]
[Result "0-1"]
[WhiteElo "2136"]
[BlackElo "2287"]
[TimeControl "180+2"]
[EndTime "11:39:33 PST"]
[Termination "chessdude won by resignation"]

1. e4 e5 2. Nf3 Nc6 3. Bb5 a6 4. Ba4 Nf6 5. O-O Be7 6. Re1 b5 7. Bb3 O-O 8. c3 d6 9. h3 Nb8 10. d4 Nbd7 11. Nbd2 Bb7 12. Bc2 Re8 13. Nf1 Bf8 14.
Ng3 g6 15. a4 c5 16. d5 c4 17.
Bg5 h6 18. Be3 Nc5 19. axb5 axb5 20. Qd2 h5 21. Bg5 Be7 22. Qe3 Qc7 23. Nh4 Nh7 24.
Bxe7 Qxe7 25. Nf3 Qf6 26. h4 Reb8 27. Ng5 Bc8 28. Rf1 Nxg5 29. hxg5 Qe7 30. f4 exf4 31. Qxf4 Rxa1 32. Rxa1 Bb7 33. Re1 Nd7 34. Ne2 Qe5 35.
Qxe5 Nxe5 36. Nd4 Bc8 37. Ra1 Bd7 38. Ra7 b4 39. Ba4 bxc3 40. bxc3 Bxa4 41. Rxa4 Rb1+ 42. Kf2 Rc1 43. Nb5 Rc2+ 44. Kf1 Ng4 45. Nxd6 Ne3+ 46. Kg1 Rxg2+ 47. Kh1 Rc2 48. Ra8+ Kg7 49. Ne8+ Kf8 50. Nf6+ Ke7 51. e5 Rc1+ 52. Kh2 Ng4+ 53. Nxg4 hxg4 54. Ra7+ Ke8 55. d6 Rxc3 56. Ra8+ Kd7 57. Ra7+ Ke8 58. Ra8+ Kd7 59. Rf8 Rf3 60. Ra8 c3 61. Ra7+ Ke8 62.
Rc7 g3+ 63. Kg2 Re3 64. Rc8+ Kd7 65. Rc7+ Kd8 66. Rxf7 Rxe5 67. Rc7 Re3 68. Kg1 Rd3 69. Kg2 Ke8 70. Kg1 Kd8 71. Kg2 Ke8 72. Kg1 Rxd6 73. Rxc3 Ke7 74. Rxg3 Rd5 75. Kg2 Ke6 76. Kh3 Kf5 77.
Kh4 Rd4+ 78. Kh3 Rd1 79. Rg2 Rh1+ 80. Rh2 Rf1 81. Rg2 Rf3+ 82. Kh2 Ra3 83. Rg1 Kf4 84.
Rg2 Rb3 85. Rg1 Rb8 86. Rg2 Rh8+ 87. Kg1 Rh3 88. Kf2 Rf3+ 89. Ke2 Ra3 90. Rf2+ Kxg5 91. Rg2+ Kh5 92. Rh2+ Kg4 93. Rg2+ Rg3 94. Rf2 Kh3 95.
Rf8 Kg2 96. Rf2+ Kh1 97. Rf8 Rg5 98. Kf2 Rg2+ 99. Kf1 Rh2 100. Rg8 Rh6 101. Kf2 Kh2 102. Kf3 Kh3 103. Kf2 Kh4 104. Kg2 g5 105. Ra8 Rb6 106. Ra4+ g4 107. Ra8 Rb2+ 108. Kg1 Kh3 109. Ra7 Rb1+ 110. Kf2 g3+ 111. Kf3 Rf1+ 112. Ke2 Rf8 0-1

[Event "*** Titled Tuesday 3|2 Blitz"]
[Site "Chess.com"]
[Date "2015.12.01"]
[Round "3"]
[White "ChadaevNikolay"]
[Black "LuckyTiger"]
[Result "1/2-1/2"]
[WhiteElo "2557"]
[BlackElo "2486"]
[TimeControl "180+2"]
[EndTime "11:40:59 PST"]
[Termination "Game drawn by 50-move rule"]

1. e4 c5 2. Nf3 d6 3. Bb5+ Bd7 4. a4 Nc6 5. O-O e6 6. Re1 Be7 7. b3 Nf6 8. Bb2 e5 9. Na3 a6 10. Bxc6 Bxc6 11. d3 b5 12. axb5 axb5 13. c4 Rb8 14. cxb5 Bxb5 15. Nxb5 Rxb5 16. Nd2 O-O 17. Ra7 Ra5 18. Rb7 Nd7 19. Nc4 Ra6 20. Qg4 Nf6 21. Qe2 Re8 22. Bc1 Qc8 23. Rb6 Rxb6 24. Nxb6 Qb7 25. Nc4 h6 26. f4 Bf8 27. fxe5 dxe5 28.
Qc2 Qd7 29. Bb2 Bd6 30. Rf1 Qe6 31. h3 Rb8 32. Qc3 Bc7 33. Rf5 Nd7 34. Kh1 f6 35.
Rf1 Nf8 36. Ra1 Qf7 37. Ra7 Ne6 38. Qc2 Qg6 39. Ne3 Kh8 40. Qc4 Nf4 41. Rxc7 Qg3 42. Qc1 Nxd3 43. Qd2 Nxb2 44. Nf5 Qxb3 45. Rxg7 Qd1+ 46.
Qxd1 Nxd1 47. Kh2 Nf2 48. Rg6 Nxe4 49. Rxh6+ Kg8 50. Rh4 Ng5 51. Rc4 Ne6 52. Rc1 Kf7 53.
h4 Rb4 54. g3 Nd4 55. Nd6+ Ke6 56. Ne4 Nf3+ 57. Kh3 Rxe4 58. Rxc5 Nd4 59. Ra5 Re1 60. Ra6+ Kf7 61. Kg4 Rb1 62. h5 Ne6 63. Ra7+ Kg8 64. Kf5 Ng7+ 65. Kxf6 Rb6+ 66. Kxe5 Nxh5 67. g4 Ng7 68. g5 Kh7 69. g6+ Kxg6 70. Kd5 Kf6 71. Rc7 Rb1 72. Rc2 Rd1+ 73. Ke4 Nf5 74. Rc6+ Nd6+ 75.
Kf4 Rd4+ 76. Ke3 Rd5 77. Ra6 Ke5 78. Ra8 Nf5+ 79. Kf3 Rd3+ 80. Ke2 Rb3 81. Re8+ Kf4 82. Kd2 Nd6 83. Rf8+ Ke4 84. Rd8 Nc4+ 85. Kc2 Rh3 86. Rd7 Nb6 87. Rd8 Nd5 88. Re8+ Kd4 89. Rd8 Rc3+ 90.
Kd2 Ra3 91. Ke2 Rb3 92. Rd7 Ke4 93. Kf2 Rb2+ 94. Kg3 Rb8 95. Kf2 Rf8+ 96. Ke2 Rh8 97. Kf2 Nf4 98. Re7+ Kf5 99. Rf7+ Ke5 100. Re7+ Ne6 101. Ke3 Rh3+ 102. Ke2 Kd5 103. Rd7+ Ke4 104. Kd2 Nc5 105. Rd8 Nb3+ 106. Kc2 Nd4+ 107. Kb2 Rb3+ 108. Kc1 Kd3 109. Rd7 Rb8 110. Rd6 Kc3 111. Rd7 Rh8 112. Rc7+ Kd3 113.
Kb2 Rh2+ 114. Kc1 Nb3+ 115. Kb1 Nd2+ 116. Kc1 Nc4 117. Rd7+ Kc3 118. Kd1 Ne5 119. Rc7+ Kd3 120. Kc1 Rh1+ 121. Kb2 Nc4+ 122. Ka2 Kc3 123. Rg7 Rh2+ 124. Ka1 Na5 125. Rg3+ Kb4 126. Kb1 Nc4 127. Rd3 Ne5 128. Re3 Nc6 129. Kc1 Nd4 130. Re8 Kc3 131. Rc8+ Kd3 132. Kb1 Nb5 1/2-1/2

[Event "*** Titled Tuesday 3|2 Blitz"]
[Site "Chess.com"]
[Date "2015.12.01"]
[Round "4"]
[White "VSERGUEI"]
[Black "SlovenskiZmaj"]
[Result "1-0"]
[WhiteElo "2456"]
[BlackElo "2291"]
[TimeControl "180+2"]
[EndTime "11:44:32 PST"]
[Termination "VSERGUEI won by resignation"]

1. d4 f5 2. Nc3 d5 3. Bg5 c6 4. e3 Be6 5. Nf3 Nd7 6. Bd3 Ngf6 7. O-O g6 8. Ne2 Bg7 9. Nf4 Bf7 10. Ne5 Nxe5 11.
dxe5 Ne4 12. Bxe4 fxe4 13. e6 Bg8 14. c4 Be5 15. cxd5 cxd5 16. Qa4+ Kf8 17. Bh6+ Bg7 18. Bxg7+ Kxg7 1-0

[Event "*** Titled Tuesday 3|2 Blitz"]
[Site "Chess.com"]
[Date "2015.12.01"]
[Round "4"]
[White "Ginger_GM"]
[Black "E-Shaposhnikov"]
[Result "0-1"]
[WhiteElo "2466"]
[BlackElo "2491"]
[TimeControl "180+2"]
[EndTime "11:44:45 PST"]
[Termination "E-Shaposhnikov won by resignation"]

1. d4 Nf6 2. c4 e6 3. Nf3 b6 4. g3 Ba6 5. Qc2 c6 6. e4 d5 7. cxd5 Bxf1 8. Kxf1 cxd5 9. e5 Ne4 10. Nbd2 f5 11.
exf6 Nxf6 12. Ne5 Bd6 13. Qa4+ Nbd7 14. Ndf3 O-O 15. Kg2 Bxe5 16. dxe5 Ne4 17. Be3 Qe8 18. Bd4 Rxf3 0-1

[Event "*** Titled Tuesday 3|2 Blitz"]
[Site "Chess.com"]
[Date "2015.12.01"]
[Round "4"]
[White "BjarkeSahl"]
[Black "Svetlin_Mladenov"]
[Result "0-1"]
[WhiteElo "2140"]
[BlackElo "2319"]
[TimeControl "180+2"]
[EndTime "11:44:46 PST"]
[Termination "Svetlin_Mladenov won by resignation"]

1. e4 g6 2. d4 Bg7 3. Nc3 d6 4. h4 Nf6 5. Be3 a6 6. h5 Nxh5 7. Rxh5 gxh5 8. Qxh5 Nd7 9. Nf3 Nf6 10. Qh4 Bg4 11. O-O-O h5 12. e5 Ng8 13. Bc4 e6 14.
Bg5 Bh6 15. Bxh6 Qxh4 16. Nxh4 Bxd1 17. Bf4 Bg4 18. exd6 cxd6 19. Bxd6 Ne7 20. Ne4 Nf5 21. Nf6+ Kd8 22. Nxf5 Bxf5 23. g3 h4 24. gxh4 Rxh4 25. Bb3 Rxd4 26. Be5 0-1

[Event "*** Titled Tuesday 3|2 Blitz"]
[Site "Chess.com"]
[Date "2015.12.01"]
[Round "4"]
[White "olomi007"]
[Black "Tobi-Wan-Kenobi"]
[Result "1-0"]
[WhiteElo "2428"]
[BlackElo "2323"]
[TimeControl "180+2"]
[EndTime "11:45:58 PST"]
[Termination "olomi007 won by resignation"]

1. e4 c5 2. Nf3 d6 3. d4 cxd4 4. Nxd4 Nf6 5. Nc3 Nc6 6. Bg5 e6 7. Qd2 a6 8. O-O-O Bd7 9. f3 Be7 10. h4 Nxd4 11. Qxd4 h6 12. Be3 h5 13. Kb1 Qc7 14. Qd2 Bc6 15. Ne2 b5 16. Nd4 Bb7 17. Bd3 Rc8 18. Rhe1 Nd7 19. Bg5 Ne5 20. Bxe7 Qxe7 21.
f4 Nxd3 22. Qxd3 Qxh4 23. Nf5 exf5 24. Qxd6 Qe7 25. exf5 Be4 26. Rxe4 Qxe4 27. Qd7+ Kf8 28. Qxc8+ Ke7 29. Qxh8 1-0

[Event "*** Titled Tuesday 3|2 Blitz"]
[Site "Chess.com"]
[Date "2015.12.01"]
[Round "4"]
[White "Rating-Schmating"]
[Black "PowerThinking2650"]
[Result "0-1"]
[WhiteElo "2083"]
[BlackElo "2096"]
[TimeControl "180+2"]
[EndTime "11:46:01 PST"]
[Termination "PowerThinking2650 won by resignation"]

1. e4 e5 2. Nf3 Nc6 3. d4 exd4 4. Nxd4 Nf6 5. Nxc6 bxc6 6. e5 Qe7 7. Qe2 Nd5 8. c4 Ba6 9. Nd2 O-O-O 10. b3 g6 11. Bb2 Bg7 12. Nf3 Qb4+ 13. Qd2 Qxd2+ 14. Nxd2 Nb4 15. O-O-O Nxa2+ 16. Kb1 Nb4 17. Be2 c5 18. Ne4 d6 19. exd6 Bxb2 20. Kxb2 cxd6 21. Nxd6+ Kc7 22.
Nxf7 Rxd1 23. Rxd1 Rf8 24. Ng5 Rxf2 25. Rd2 Rxg2 26. Ne6+ Kb6 27. Nf4 Rxh2 28. Nd5+ Nxd5 29. Rxd5 Rxe2+ 30. Kc3 Re3+ 31. Kc2 Re7 32. Rd6+ Kb7 33. Rd5 Kc6 34. Rd2 Bc8 35. Kc3 Bf5 36. Rh2 h5 37.
Rg2 Re3+ 38. Kb2 h4 0-1